[ AOE2 MATCH · #469055375 ]
UnrankedKhmer vs Persians
[ REPLAY ANALYSIS · EXTRACTED FROM THE RECORDED GAME ]
Feudal
—
Castle
—
Imperial
—
| APM avg | 46.3 |
| APM peak | 74 |
| eAPM avg | 14.6 |
| Villagers / military | 15 / 0 |
Focus
⚔️ 42.1% · 🌾 57.9%
Feudal
—
Castle
—
Imperial
—
| APM avg | 45.2 |
| APM peak | 70 |
| eAPM avg | 21.2 |
| Villagers / military | 27 / 0 |
Focus
⚔️ 14.0% · 🌾 86.0%
Feudal
—
Castle
—
Imperial
—
| APM avg | 55.3 |
| APM peak | 67 |
| eAPM avg | 22.9 |
| Villagers / military | 20 / 0 |
Focus
⚔️ 17.8% · 🌾 82.2%
Feudal
—
Castle
—
Imperial
—
| APM avg | 37.2 |
| APM peak | 78 |
| eAPM avg | 12.8 |
| Villagers / military | 23 / 0 |
Focus
⚔️ 5.7% · 🌾 94.3%
Feudal
—
Castle
—
Imperial
—
| APM avg | 23.2 |
| APM peak | 40 |
| eAPM avg | 13.2 |
| Villagers / military | 29 / 0 |
Focus
⚔️ 9.2% · 🌾 90.8%
Feudal
—
Castle
—
Imperial
—
| APM avg | 25.8 |
| APM peak | 66 |
| eAPM avg | 13.5 |
| Villagers / military | 36 / 0 |
Focus
⚔️ 8.3% · 🌾 91.7%
Feudal
—
Castle
—
Imperial
—
| APM avg | 58.0 |
| APM peak | 88 |
| eAPM avg | 23.2 |
| Villagers / military | 27 / 0 |
Focus
⚔️ 11.4% · 🌾 88.6%
Feudal
—
Castle
—
Imperial
—
| APM avg | 33.8 |
| APM peak | 51 |
| eAPM avg | 20.3 |
| Villagers / military | 25 / 0 |
Focus
⚔️ 26.3% · 🌾 73.7%
Match map
Initial resources + every placement click. Lines = walls · curves = elevation contours. ◆ gold · ⬟ stone · ● berries · ✦ relic · ◌ wall gap
Your base
KIRA's base
wxj9966's base
kerwin's base
Trundo's base
Waetla's base
海的盒子's base
Snarkegard's base
Smoothed initial terrain · ◌ = detected wall gap · hover for details
Inputs per minute
— 42persons - - KIRA
Build order — 42persons
23 actions detected in the replay
| 0:02 | Create | Villager (Male) |
| 0:02 | Research | Loom |
| 0:02 | Research | Loom |
| 0:14 | Build | House |
| 0:22 | Create | Villager (Male) |
| 0:22 | Create | Villager (Male) |
| 0:23 | Create | Villager (Male) |
| 0:45 | Build | Palisade Wall |
| 1:51 | Build | Palisade Wall |
| 2:04 | Build | Lumber Camp |
| 2:34 | Build | House |
| 3:35 | Create | Villager (Male) |
| 4:00 | Build | House |
| 4:22 | Create | Villager (Male) |
| 4:22 | Create | Villager (Male) |
| 4:49 | Create | Villager (Male) |
| 4:50 | Create | Villager (Male) |
| 5:21 | Create | Villager (Male) |
| 5:22 | Create | Villager (Male) |
| 5:46 | Create | Villager (Male) |
| 5:46 | Create | Villager (Male) |
| 6:06 | Create | Villager (Male) |
| 6:06 | Create | Villager (Male) |
Build order — KIRA
35 actions detected in the replay
| 0:01 | Create | Villager (Male) |
| 0:01 | Create | Villager (Male) |
| 0:01 | Create | Villager (Male) |
| 0:01 | Create | Villager (Male) |
| 0:02 | Build | House |
| 0:03 | Build | House |
| 0:23 | Create | Villager (Male) |
| 0:23 | Create | Villager (Male) |
| 1:28 | Create | Villager (Male) |
| 1:29 | Create | Villager (Male) |
| 1:40 | Build | Lumber Camp |
| 2:04 | Create | Villager (Male) |
| 2:04 | Create | Villager (Male) |
| 2:13 | Create | Villager (Male) |
| 2:14 | Create | Villager (Male) |
| 2:46 | Build | House |
| 3:02 | Create | Villager (Male) |
| 3:02 | Create | Villager (Male) |
| 3:03 | Create | Villager (Male) |
| 3:03 | Create | Villager (Male) |
| 3:47 | Create | Villager (Male) |
| 3:47 | Create | Villager (Male) |
| 4:04 | Create | Villager (Male) |
| 4:34 | Create | Villager (Male) |
| 4:54 | Create | Villager (Male) |
| 4:54 | Create | Villager (Male) |
| 4:56 | Create | Villager (Male) |
| 5:32 | Create | Villager (Male) |
| 5:38 | Create | Villager (Male) |
| 5:45 | Build | Mill |
| 6:04 | Create | Villager (Male) |
| 6:29 | Build | House |
| 6:30 | Build | Mill |
| 6:33 | Build | House |
| 6:41 | Create | Villager (Male) |
Build order — wxj9966
29 actions detected in the replay
| 0:01 | Create | Villager (Male) |
| 0:01 | Create | Villager (Male) |
| 0:01 | Create | Villager (Male) |
| 0:01 | Create | Villager (Male) |
| 0:02 | Build | House |
| 0:03 | Build | House |
| 0:23 | Research | Loom |
| 0:25 | Create | Villager (Male) |
| 0:35 | Create | Villager (Male) |
| 0:38 | Create | Villager (Male) |
| 1:23 | Create | Villager (Male) |
| 2:07 | Create | Villager (Male) |
| 2:34 | Create | Villager (Male) |
| 3:09 | Build | Palisade Wall |
| 3:15 | Create | Villager (Male) |
| 3:36 | Build | Palisade Wall |
| 3:51 | Create | Villager (Male) |
| 3:58 | Build | Palisade Wall |
| 4:08 | Create | Villager (Male) |
| 4:31 | Create | Villager (Male) |
| 4:57 | Create | Villager (Male) |
| 5:20 | Create | Villager (Male) |
| 5:24 | Build | House |
| 5:42 | Build | Lumber Camp |
| 5:45 | Create | Villager (Male) |
| 6:10 | Create | Villager (Male) |
| 6:42 | Create | Villager (Male) |
| 6:46 | Build | House |
| 6:57 | Create | Villager (Male) |
Build order — kerwin
30 actions detected in the replay
| 0:01 | Create | Villager (Male) |
| 0:02 | Build | House |
| 0:03 | Build | House |
| 0:09 | Create | Villager (Male) |
| 0:09 | Create | Villager (Male) |
| 0:09 | Create | Villager (Male) |
| 0:10 | Create | Villager (Male) |
| 1:30 | Create | Villager (Male) |
| 2:02 | Create | Villager (Male) |
| 2:18 | Build | Lumber Camp |
| 2:45 | Create | Villager (Male) |
| 2:46 | Create | Villager (Male) |
| 2:46 | Create | Villager (Male) |
| 3:04 | Create | Villager (Male) |
| 3:04 | Create | Villager (Male) |
| 3:21 | Build | House |
| 3:34 | Create | Villager (Male) |
| 3:55 | Create | Villager (Male) |
| 3:55 | Create | Villager (Male) |
| 4:18 | Build | Mill |
| 4:28 | Create | Villager (Male) |
| 4:29 | Create | Villager (Male) |
| 4:49 | Create | Villager (Male) |
| 4:50 | Create | Villager (Male) |
| 5:17 | Create | Villager (Male) |
| 5:42 | Build | House |
| 5:43 | Build | House |
| 5:49 | Create | Villager (Male) |
| 5:49 | Create | Villager (Male) |
| 5:51 | Create | Villager (Male) |
Build order — Trundo
37 actions detected in the replay
| 0:01 | Create | Villager (Male) |
| 0:01 | Create | Villager (Male) |
| 0:02 | Create | Villager (Male) |
| 0:02 | Create | Villager (Male) |
| 0:02 | Create | Villager (Male) |
| 0:03 | Build | House |
| 0:05 | Build | House |
| 1:34 | Create | Villager (Male) |
| 1:34 | Create | Villager (Male) |
| 1:47 | Build | Lumber Camp |
| 2:09 | Create | Villager (Male) |
| 2:09 | Create | Villager (Male) |
| 2:28 | Create | Villager (Male) |
| 2:28 | Create | Villager (Male) |
| 2:47 | Create | Villager (Male) |
| 2:48 | Create | Villager (Male) |
| 3:08 | Create | Villager (Male) |
| 3:08 | Create | Villager (Male) |
| 3:34 | Research | Loom |
| 3:35 | Create | Villager (Male) |
| 3:36 | Create | Villager (Male) |
| 3:50 | Create | Villager (Male) |
| 3:50 | Create | Villager (Male) |
| 3:52 | Build | House |
| 4:33 | Create | Villager (Male) |
| 4:33 | Create | Villager (Male) |
| 4:56 | Build | Mill |
| 5:30 | Build | Palisade Wall |
| 5:40 | Create | Villager (Male) |
| 5:40 | Create | Villager (Male) |
| 6:06 | Create | Villager (Male) |
| 6:07 | Create | Villager (Male) |
| 6:07 | Create | Villager (Male) |
| 6:07 | Create | Villager (Male) |
| 6:33 | Build | House |
| 7:02 | Create | Villager (Male) |
| 7:02 | Create | Villager (Male) |
Build order — Waetla
26 actions detected in the replay
| 0:01 | Create | Villager (Male) |
| 0:02 | Build | House |
| 0:03 | Build | House |
| 0:19 | Create | Villager (Male) ×4 |
| 0:19 | Create | Villager (Male) ×4 |
| 1:24 | Create | Villager (Male) |
| 1:58 | Build | Lumber Camp |
| 2:00 | Create | Villager (Male) |
| 2:18 | Create | Villager (Male) |
| 2:51 | Create | Villager (Male) |
| 3:03 | Create | Villager (Male) |
| 3:03 | Create | Villager (Male) |
| 3:14 | Build | House |
| 3:58 | Create | Villager (Male) ×2 |
| 5:00 | Build | House |
| 5:10 | Build | House |
| 5:20 | Create | Villager (Male) ×5 |
| 5:21 | Create | Villager (Male) ×5 |
| 5:21 | Create | Villager (Male) ×5 |
| 5:22 | Build | Mill |
| 5:26 | Build | House |
| 5:30 | Build | House |
| 5:33 | Create | Villager (Male) ×2 |
| 6:03 | Build | Palisade Wall |
| 6:07 | Build | Palisade Wall |
| 6:09 | Create | Villager (Male) ×2 |
Build order — 海的盒子
34 actions detected in the replay
| 0:00 | Create | Villager (Male) |
| 0:01 | Create | Villager (Male) |
| 0:04 | Build | House |
| 0:16 | Create | Villager (Male) |
| 0:17 | Create | Villager (Male) |
| 0:17 | Create | Villager (Male) |
| 1:13 | Build | House |
| 1:29 | Create | Villager (Male) |
| 1:29 | Create | Villager (Male) |
| 1:38 | Build | Palisade Wall |
| 2:08 | Create | Villager (Male) |
| 2:20 | Build | House |
| 2:23 | Build | Lumber Camp |
| 2:31 | Create | Villager (Male) |
| 2:31 | Create | Villager (Male) |
| 2:53 | Create | Villager (Male) |
| 3:15 | Create | Villager (Male) |
| 3:15 | Create | Villager (Male) |
| 3:29 | Build | Palisade Wall |
| 3:44 | Create | Villager (Male) |
| 3:44 | Create | Villager (Male) |
| 4:04 | Create | Villager (Male) |
| 4:04 | Create | Villager (Male) |
| 4:24 | Create | Villager (Male) |
| 4:24 | Create | Villager (Male) |
| 4:47 | Create | Villager (Male) |
| 4:55 | Create | Villager (Male) |
| 5:09 | Build | House |
| 5:15 | Create | Villager (Male) |
| 5:16 | Create | Villager (Male) |
| 5:48 | Create | Villager (Male) |
| 6:33 | Create | Villager (Male) |
| 6:52 | Create | Villager (Male) |
| 6:52 | Create | Villager (Male) |
Build order — Snarkegard
34 actions detected in the replay
| 0:02 | Create | Villager (Male) |
| 0:02 | Create | Villager (Male) |
| 0:02 | Create | Villager (Male) |
| 0:03 | Create | Villager (Male) |
| 0:03 | Create | Villager (Male) |
| 0:03 | Create | Villager (Male) |
| 0:04 | Build | House |
| 0:05 | Build | House |
| 0:06 | Build | House |
| 0:39 | Research | Loom |
| 0:45 | Create | Villager (Male) |
| 0:45 | Create | Villager (Male) |
| 0:45 | Create | Villager (Male) |
| 1:18 | Build | Palisade Wall |
| 2:10 | Create | Villager (Male) |
| 2:10 | Create | Villager (Male) |
| 3:04 | Create | Villager (Male) |
| 3:04 | Create | Villager (Male) |
| 3:22 | Build | Palisade Wall |
| 3:24 | Build | Palisade Wall |
| 3:37 | Create | Villager (Male) |
| 3:37 | Create | Villager (Male) |
| 4:14 | Create | Villager (Male) |
| 4:15 | Create | Villager (Male) |
| 4:15 | Create | Villager (Male) |
| 4:51 | Create | Villager (Male) |
| 4:51 | Create | Villager (Male) |
| 4:54 | Build | Lumber Camp |
| 5:10 | Create | Villager (Male) |
| 5:10 | Create | Villager (Male) |
| 5:27 | Build | Palisade Wall |
| 5:39 | Create | Villager (Male) |
| 5:39 | Create | Villager (Male) |
| 6:06 | Create | Villager (Male) |
Match timeline
| 0:45 | 42persons · wall_segment Palisade Wall x15 |
| 1:18 | Snarkegard · wall_segment Palisade Wall x6 |
| 1:38 | 海的盒子 · wall_segment Palisade Wall x7 |
| 1:51 | 42persons · wall_segment Palisade Wall x1 |
| 3:09 | wxj9966 · wall_segment Palisade Wall x1 |
| 3:22 | Snarkegard · wall_segment Palisade Wall x1 |
| 3:24 | Snarkegard · wall_segment Palisade Wall x1 |
| 3:29 | 海的盒子 · wall_segment Palisade Wall x3 |
| 3:36 | wxj9966 · wall_segment Palisade Wall x8 |
| 3:58 | wxj9966 · wall_segment Palisade Wall x12 |
| 5:27 | Snarkegard · wall_segment Palisade Wall x1 |
| 5:30 | Trundo · wall_segment Palisade Wall x9 |
| 6:03 | Waetla · wall_segment Palisade Wall x1 |
| 6:07 | Waetla · wall_segment Palisade Wall x7 |
| 6:15 | kerwin · resign |
[ AI ANALYSIS · 1 CREDIT ]
What really happened in this match?
Wolo.gg analyzes every decision: build order, eco, micro, common mistakes by bracket. Personalized analysis on WhatsApp or Discord in 30 seconds.
Civ guide
Khmer
Perfil
42persons